 Dungeon Crawl Stone Soup version 0.26-a0-668-gd58323b419 (webtiles) character file.

Game seed: 2766130059661456115

14 grandjackal the Ducker (level 2, 0/23 HPs)
             Began as a Demonspawn Gladiator on Oct 19, 2020.
             Slain by a kobold (3 damage)
             ... on level 1 of the Dungeon.
             The game lasted 00:00:18 (77 turns).

grandjackal the Ducker (Demonspawn Gladiator)         Turns: 77, Time: 00:00:19

Health: 0/23       AC:  6    Str: 14    XL:     2   Next: 31%
Magic:  2/2        EV: 10    Int:  9    God:
Gold:   0          SH:  0    Dex: 14    Spells: 1/1 levels left

rFire    . . .     SeeInvis .   a - +0 long sword
rCold    . . .     Faith    .   (no shield)
rNeg     . . .     Spirit   .   e - +0 scale mail
rPois    .         Reflect  .   (helmet restricted)
rElec    .         Harm     .   (no cloak)
rCorr    .         Rampage  .   (no gloves)
MR       .....                  (no boots)
Stlth    ..........             (no amulet)
HPRegen  0.07/turn              (no ring)
MPRegen  0.08/turn              (no ring)

@: no status effects
A: horns 1
a: no special abilities


You were on level 1 of the Dungeon.
You visited 1 branch of the dungeon, and saw 1 of its levels.

Inventory:

Hand Weapons
 a - a +0 long sword (weapon)
Missiles
 d - 3 throwing nets (quivered)
Armour
 c - a +0 helmet
 e - a +0 scale mail (worn)
Potions
 b - a potion of curing {unknown}


   Skills:
 + Level 2.3 Fighting
 + Level 2.9 Long Blades
 - Level 1.7 Throwing
 + Level 3.0 Dodging


You had one spell level left.
You didn't know any spells.
Your spell library was empty.

Dungeon Overview and Level Annotations

Branches:
Dungeon (1/15)

Altars:


Innate Abilities, Weirdness & Mutations

You have a pair of small horns on your head.


Message History

You hit the giant cockroach.
The giant cockroach is moderately wounded.
The giant cockroach misses you.
You riposte.
You barely miss the giant cockroach.
You headbutt the giant cockroach, but do no damage.
The giant cockroach is moderately wounded.
The giant cockroach bites you.
* * * LOW HITPOINT WARNING * * *
You closely miss the giant cockroach.
The giant cockroach is moderately wounded.
The giant cockroach bites you but does no damage.
You slash the giant cockroach!
You kill the giant cockroach!
Your Dodging skill increases to level 3!
The kobold hits you.
* * * LOW HITPOINT WARNING * * *
You closely miss the kobold.
A leopard gecko comes into view.
The kobold hits you.
You die...

....#..# #..(#
....#..# #l..# ...
....#..# #...# K.
....#..#######...# #.#
....#..##........##..
................##(.#
[...##.#........# ..##
....##.#.######.##K..#
....##.#.#.....)@Kg#
....##.#.#......####
....##[#.#......#
..8.##.#.#......#
÷÷..##.#.########
.÷..##.#.#


You could see a leopard gecko (wandering), a hobgoblin and 2 kobolds.

Vanquished Creatures
  A leopard gecko (D:1)
  2 giant cockroaches (D:1)
  A goblin (D:1)
  A hobgoblin (D:1)
  3 jackals (D:1)
  3 kobolds (D:1)
  A rat (D:1)
12 creatures vanquished.

Notes
Turn   | Place    | Note
-------+----------+-------------------------------------------
     0 | D:1      | grandjackal the Demonspawn Gladiator began the quest for
                  | the Orb.
     0 | D:1      | Reached XP level 1. HP: 16/16 MP: 1/1
    65 | D:1      | Gained mutation: You have a pair of small horns on your
                  | head. [demonic ancestry]
    65 | D:1      | Reached XP level 2. HP: 9/22 MP: 2/2
    76 | D:1      | Reached skill level 3 in Dodging
    77 | D:1      | Slain by a kobold

Illustrated notes

Levels and vault maps discovered:
D:1:      giann_forest_graveyard, layout_basic, st_stairs_6, minmay_heptomino_w4

Skill      XL: |  1  2 |
---------------+-------+-----
Dodging        | 3 |  3.0
Fighting       | |  2.3
Long Blades    | |  2.9
Throwing       | |  1.7

Action                   || total
-------------------------++-------
Melee: Long sword        ||    31
       Headbutt          ||     3
Armor: Scale mail        ||    20
Dodge: Dodged            ||    28
       Rpst.: Long sword ||     9

Table legend: (Time is in decaauts)
 A = Elapsed time spent in this place.
 B = Non-inter-level travel time spent in this place.
 C = Inter-level travel time spent in this place.
 D = Time resting spent in this place.
 E = Time spent auto-exploring this place.
 F = Levels seen in this place.
 G = Mean time per level.
                   A        B        C        D        E       F      G
               +--------+--------+--------+--------+--------+-----+--------+
         Total |     84 |     84 |      0 |      0 |     17 |   1 |   84.0 |
       Dungeon |     84 |     84 |      0 |      0 |     17 |   1 |   84.0 |
               +--------+--------+--------+--------+--------+-----+--------+

Top non-repeatable levels by time:
     D:1: 84 daAuts
